Cogmind - Beta 13 @@@ ROGUE MODE // 2024.04.11 @ 08:47:56 Player: Mantreise Result: Destroyed by G-47 Trooper with Particle Gun Performance ------------- Evolutions (2) 1000 Regions Visited (4) 800 Robots Destroyed (20) 100 Value Destroyed (321) 321 Prototype IDs (4) 80 Alien Tech Used (0) 0 Bonus (0) 0 TOTAL SCORE: 2301 Bonus ------- None Cogmind --------- Core Integrity 0/550 Matter 263/300 Energy 71/100 System Corruption 0% Temperature Cool (9) Movement Core (50) Location -8/Storage Parts ------- > --- POWER (2) -------- (None) > --- PROPULSION (2) --- (None) > --- UTILITY (3) ------ Signal Interpreter > --- WEAPON (4) ------- (None) > --- INVENTORY (5) ---- Carbon-fiber Leg Improved Datajack Peak State ------------ > --- POWER ------------ Ion Engine Heavy Ion Engine > --- PROPULSION ------- (None) > --- UTILITY ---------- Sensor Array Signal Interpreter > --- WEAPON ----------- Heavy EM Shotgun Heavy EM Shotgun > --- INVENTORY -------- (None) [Rating: 14] Favorites ----------- Power Ion Engine Engine Ion Engine Propulsion Wheel Wheel Wheel Hover Unit Aerolev Unit Flight Unit Flight Unit Utility Signal Interpreter Device Sensor Array Processor Signal Interpreter Protection Heavy Armor Plating Weapon Medium Laser Energy Gun Medium Laser Special Melee Weapon Improved Datajack Build | -11 -10 -9 -8 -8 ------- Run | Yrd Mat Mat Mat Sto Slots Evolved 4 | . . 2 2 . Power 1 | . . 1 . . Propulsion . | . . . . . Utility 1 | . . 1 . . Weapon 2 | . . . 2 . Parts Attached 27 | 5 3 9 6 4 Power 5 | 1 . 2 1 1 Engine 5 | 1 . 2 1 1 Core . | . . . . . Reactor . | . . . . . Propulsion 10 | 2 . 5 2 1 Treads . | . . . . . Leg . | . . . . . Wheel 5 | 2 . 3 . . Hover 2 | . . . 1 1 Flight 3 | . . 2 1 . Utility 5 | . 3 . 1 1 Device 3 | . 2 . . 1 Storage . | . . . . . Processor 1 | . 1 . . . Hackware . | . . . . . Protection 1 | . . . 1 . Artifact . | . . . . . Weapon 7 | 2 . 2 2 1 Energy Gun 6 | 2 . 2 2 . Energy Cannon . | . . . . . Ballistic Gun . | . . . . . Ballistic Cannon . | . . . . . Launcher . | . . . . . Special Weapon . | . . . . . Impact Weapon . | . . . . . Slashing Weapon . | . . . . . Piercing Weapon . | . . . . . Special Melee Weapon 1 | . . . . 1 Unidentified Prototypes 4 | . . 2 2 . Parts Lost 15 | . . 3 8 4 Power 3 | . . . 2 1 Propulsion 5 | . . 1 2 2 Utility 2 | . . . 1 1 Weapon 5 | . . 2 3 . Highest Loss Streak 8 | . . 2 8 3 To Critical Strikes . | . . . . . Average Slot Usage (%) 70 | . 92 73 36 19 Engine 13 | . 14 15 9 1 Wheel 18 | . 28 19 4 . Device 9 | . 11 11 4 1 Processor 10 | . 9 11 9 9 Energy Gun 16 | . 28 16 4 . Naked Turns . | . . . . . Heaviest Build 23 | 9 10 16 23 7 Greatest Support 26 | 26 26 26 10 8 Greatest Overweight (x) 7 | . . 3 7 1 Average Overweight (x) . | . . . . . Largest Inventory Capacity 5 | 5 5 5 5 5 Average Capacity 5 | 5 5 5 5 5 Most Carried 4 | 4 1 3 2 3 Average Carried . | . . . . 1 Final Capacity 5 | 5 5 5 5 5 Final Carried 2 | . 1 . . 2 Class Distribution -------------------- 79% | Mutant 20% | Scavenger-Mutant Dominant Class ---------------- Mutant | -10/Materials Mutant | -9/Materials Scavenger-Mutant | -8/Materials Mutant | -8/Storage Resources | -11 -10 -9 -8 -8 ----------- Run | Yrd Mat Mat Mat Sto Matter Collected 360 | 185 95 80 . . Remotely 71 | . 71 . . . Salvage Created 525 | . 135 320 70 . Parts 44 | . 20 20 4 . Haulers Intercepted 2 | . . 2 . . Recyclers Shooed . | . . . . . Parts Field Recycled . | . . . . . Retrieved Matter . | . . . . . Parts Self-Destructed . | . . . . . Prevented . | . . . . . Kills | -11 -10 -9 -8 -8 ------- Run | Yrd Mat Mat Mat Sto Combat Hostiles Destroyed 10 | . 3 6 1 . Guns 9 | . 3 5 1 . Classes Destroyed 8 | . 4 3 1 . Builder 2 | . 1 1 . . Tunneler 1 | . 1 . . . Hauler 2 | . . 2 . . Operator 1 | . . . 1 . Watcher 4 | . 2 2 . . Swarmer 6 | . 3 3 . . Grunt 3 | . . 2 1 . Sentry 1 | . . 1 . . Best Kill Streak 3 | . 3 3 1 . Combat Bots Only 3 | . 3 3 1 . Max Kills in Single Turn 1 | . 1 1 1 . Gunslinging . | . . . . . Exploded . | . . . . . Melee . | . . . . . Uniques/NPCs Destroyed . | . . . . . Combat | -11 -10 -9 -8 -8 -------- Run | Yrd Mat Mat Mat Sto Hostile Shots Fired 225 | . 22 49 87 67 Missed 77 | . 7 18 26 26 Damage Taken 1797 | . 125 313 960 399 Core 656 | . 18 83 313 242 Absorbed by Shields 49 | . . . . 49 Core Remaining (%) 90 | 100 92 79 . . Volleys Fired 87 | . 13 57 17 . Largest 2 | . 2 2 2 . Hottest 100 | . 100 100 100 . Shots Fired 115 | . 26 70 19 . Gun 115 | . 26 70 19 . Cannon . | . . . . . Launcher . | . . . . . Special . | . . . . . Kinetic . | . . . . . Thermal 111 | . 26 70 15 . Explosive . | . . . . . Electromagnetic 4 | . . . 4 . Robot Hit Streak 11 | . 3 7 11 . Robot Miss Streak 5 | . 4 5 2 . Penetration Max . | . . . . . Secondary Targets 1 | . 1 . . . Max Gunslinging Chain 1 | . 1 . . . Shots Hit Robots 70 | . 9 43 16 2 Core Hits 30 | . 7 16 7 . Critical Kills . | . . . . . Critical Parts Destroyed . | . . . . . Critical Strikes 4 | . 1 3 . . Burn 4 | . 1 3 . . Melee Attacks 2 | . . . . 2 Impact . | . . . . . Slashing . | . . . . . Piercing . | . . . . . Sneak Attacks . | . . . . . Combat Hostiles . | . . . . . Follow-up Attacks . | . . . . . Damage Inflicted 967 | . 163 560 233 11 Guns 955 | . 163 560 232 . Cannons . | . . . . . Explosions . | . . . . . Melee . | . . . . . Ramming 12 | . . . 1 11 Kinetic . | . . . . . Thermal 875 | . 163 560 152 . Explosive . | . . . . . Electromagnetic 80 | . . . 80 . Impact . | . . . . . Slashing . | . . . . . Piercing . | . . . . . Highest Corruption . | . . . . . Average Corruption . | . . . . . Corruption Purged . | . . . . . Corruption Blocked . | . . . . . Overload Shots . | . . . . . Overflow Damage . | . . . . . Projectiles . | . . . . . Explosions . | . . . . . Melee . | . . . . . Knockbacks . | . . . . . Impact . | . . . . . Kinetic . | . . . . . Secondary . | . . . . . Self-Inflicted Damage 5 | . . . . 5 Shots . | . . . . . Rammed 4 | . . . 1 3 Targets Rammed 4 | . . . 1 3 Kicked . | . . . . . Crushed . | . . . . . Highest Temperature 244 | . 234 244 159 2 Average Temperature 74 | . 90 70 70 2 Received Heat Transfer 679 | . . 78 531 70 Siege Activations . | . . . . . Robots Corrupted . | . . . . . Combat Hostiles . | . . . . . Parts Fried . | . . . . . Impact Corruptions . | . . . . . Robots Melted 1 | . . 1 . . Combat Hostiles 1 | . . 1 . . Parts Melted 7 | . 1 6 . . Heat Transferred 2886 | . 555 1887 444 . Parts Sabotaged . | . . . . . Parts Stolen . | . . . . . Parts Stripped . | . . . . . Power Chain Reactions . | . . . . . Alert | -11 -10 -9 -8 -8 ------- Run | Yrd Mat Mat Mat Sto Peak Influence 199 | . 131 199 108 65 Initial 58 | . . 55 58 30 Average 76 | . 99 74 79 50 Maximum Alert Level . | . . . . . Low Security (%) 100 | 100 100 100 100 100 Level 1 . | . . . . . Level 2 . | . . . . . Level 3 . | . . . . . Level 4 . | . . . . . Level 5 . | . . . . . High Security . | . . . . . Max Security . | . . . . . Squads Dispatched 7 | . . 4 2 1 Investigation 1 | . . 1 . . Extermination . | . . . . . Reinforcement 6 | . . 3 2 1 Assault . | . . . . . Garrison . | . . . . . Intercept . | . . . . . Searches Triggered . | . . . . . Construction Impeded . | . . . . . Haulers Reinforced . | . . . . . Active Scanning Responses . | . . . . . Cargo Convoy Interrupts . | . . . . . Stealth | -11 -10 -9 -8 -8 --------- Run | Yrd Mat Mat Mat Sto Distress Signals 3 | . . . 1 2 Communications Jammed . | . . . . . Distress Signals . | . . . . . Times Spotted 42 | . 5 15 10 12 Peak Tracking Total 11 | . 3 5 7 11 Tactical Retreats 3 | . . 2 . 1 Traps | -11 -10 -9 -8 -8 ------- Run | Yrd Mat Mat Mat Sto Traps Triggered 1 | . . . . 1 Indirectly . | . . . . . Trap Hack Attempts . | . . . . . Triggered . | . . . . . Disarmed . | . . . . . Reprogrammed 6 | . . 6 . . Reused 2 | . . 2 . . Traps Extracted . | . . . . . Installed . | . . . . . Triggered 2 | . . 2 . . Machines | -11 -10 -9 -8 -8 ---------- Run | Yrd Mat Mat Mat Sto Machines Disabled . | . . . . . Max in Single Turn . | . . . . . Machines Repaired . | . . . . . Machines Dismantled . | . . . . . Machines Sabotaged . | . . . . . Overloaded Fab Kills . | . . . . . Hacking | -11 -10 -9 -8 -8 --------- Run | Yrd Mat Mat Mat Sto Machines Accessed 9 | . 2 5 . 2 Terminals 6 | . 1 3 . 2 Fabricators . | . . . . . Repair Stations . | . . . . . Recycling Units 2 | . 1 1 . . Scanalyzers 1 | . . 1 . . Garrison Access . | . . . . . Total Hacks 24 | . 6 13 . 5 Successful 13 | . 4 8 . 1 Failed 11 | . 2 5 . 4 Catastrophic 1 | . . . . 1 Database Lockouts . | . . . . . Manual 16 | . 4 7 . 5 Terminals 18 | . 4 9 . 5 Fabricators . | . . . . . Repair Stations . | . . . . . Recycling Units 4 | . 2 2 . . Scanalyzers 2 | . . 2 . . Garrison Access . | . . . . . Terminal Hacks 3 | . 1 2 . . Record 1 | . 1 . . . Reprogram Traps 1 | . . 1 . . Zone Layout 1 | . . 1 . . Fabricator Hacks . | . . . . . Repair Station Hacks . | . . . . . Recycling Unit Hacks 2 | . 1 1 . . Report Inventory 2 | . 1 1 . . Scanalyzer 2 | . . 2 . . Insert Component 1 | . . 1 . . Analyze 1 | . . 1 . . Garrison Access Hacks . | . . . . . Unauthorized Hacks 6 | . 2 3 . 1 Terminals 4 | . 1 2 . 1 Botnet 4 | . 1 2 . 1 Fabricators . | . . . . . Repair Stations . | . . . . . Recycling Units 2 | . 1 1 . . Reject 2 | . 1 1 . . Scanalyzers . | . . . . . Garrison Access . | . . . . . Data Cores Recovered . | . . . . . Used . | . . . . . Hacking Detections 7 | . 2 3 . 2 Full Trace Events 3 | . 1 1 . 1 Feedback Events . | . . . . . Feedback Blocked . | . . . . . Robot Schematics Acquired . | . . . . . Robots Built . | . . . . . Authchips . | . . . . . Time . | . . . . . Total Robot Build Rating . | . . . . . Part Schematics Acquired 1 | . . 1 . . Parts Built . | . . . . . Authchips . | . . . . . Time . | . . . . . Total Part Build Rating . | . . . . . Parts Repaired . | . . . . . Time . | . . . . . Parts Recycled . | . . . . . Recycled Matter . | . . . . . Retrieved Matter . | . . . . . Retrieved Components . | . . . . . Parts Scanalyzed 1 | . . 1 . . Part Schematics Acquired 1 | . . 1 . . Parts Damaged . | . . . . . Bothacking | -11 -10 -9 -8 -8 ------------ Run | Yrd Mat Mat Mat Sto Used RIF Installer . | . . . . . Robots Hacked 1 | . . . . 1 Non-combat . | . . . . . Combat 1 | . . . . 1 Robot Hacks Applied 1 | . . . . 1 parse_system 1 | . . . . 1 Relay Couplers Released . | . . . . . Fabnet Peak Effective % . | . . . . . Robots Rewired . | . . . . . Allies Hacked . | . . . . . Hacks Repelled . | . . . . . Allies | -11 -10 -9 -8 -8 -------- Run | Yrd Mat Mat Mat Sto Total Allies . | . . . . . Largest Group . | . . . . . Highest-Rated Group . | . . . . . Highest-Rated Ally . | . . . . . Total Orders . | . . . . . Ally Attacks . | . . . . . Total Damage . | . . . . . Kills . | . . . . . Allies Corrupted . | . . . . . Allies Melted . | . . . . . Intel | -11 -10 -9 -8 -8 ------- Run | Yrd Mat Mat Mat Sto Robot Analysis Total . | . . . . . Derelict Logs Recovered . | . . . . . Drone Launches . | . . . . . Drone Recoveries . | . . . . . Exploration | -11 -10 -9 -8 -8 ------------- Run | Yrd Mat Mat Mat Sto Turns Passed 1207 | 37 269 694 111 96 Spaces Moved 810 | 35 177 381 75 142 Core 64 | 11 . . 25 28 Treads . | . . . . . Legs . | . . . . . Wheels 602 | 24 177 380 21 . Hover 121 | . . . 7 114 Flight 23 | . . 1 22 . Fastest Speed 40 | 50 90 90 40 50 Average Speed 82 | 77 90 91 81 51 Slowest Speed 400 | 90 90 255 400 100 Overloaded Moves . | . . . . . Propulsion Burnouts . | . . . . . Robots Hopped . | . . . . . Cave-ins Triggered . | . . . . . Exploration Rate (%) 21 | 3 23 35 12 34 Regions Visited 4 Branch Regions 1 Pre-discovered Areas . | . . . . . Known Exits Taken 3 | . 1 1 1 . Unknown Exits Taken 1 | 1 . . . . Scrap Searched . | . . . . . Spaces Dug . | . . . . . Terrain Destroyed . | . . . . . Melee . | . . . . . Projectile . | . . . . . AOE . | . . . . . Terrain Rammed . | . . . . . Walls Destroyed . | . . . . . Machines Disabled . | . . . . . Actions | -11 -10 -9 -8 -8 --------- Run | Yrd Mat Mat Mat Sto Total 1230 | 44 260 655 106 165 Wait 262 | . 65 197 . . Move 806 | 34 176 380 74 142 Hop . | . . . . . Pick Up 25 | 5 3 6 6 5 Fast Attach . | . . . . . Attach 20 | 5 2 3 6 4 Detach 2 | . . 1 . 1 Swap 7 | . 1 6 . . Drop 7 | . . 5 2 . Fire 87 | . 13 57 17 . Melee 2 | . . . . 2 Ram 4 | . . . 1 3 Kick . | . . . . . Crush . | . . . . . Escape Stasis 8 | . . . . 8 Rewire . | . . . . . Trap . | . . . . . Miscellaneous . | . . . . . Route ------- -11/Scrapyard -10/Materials -9/Materials -8/Materials -8/Storage History --------- Turn | Location | Event 4 | -11/Scrapyard | Discovered new exit (range 16) 38 | -11/Scrapyard | Entered Materials 296 | -10/Materials | Discovered new exit (range 13) 301 | -10/Materials | Build established: Mutant 306 | -10/Materials | Identified exit to Materials 307 | -10/Materials | Entered another Materials area 307 | -9/Materials | Evolved 2 slots: Power x1, Utility x1 997 | -9/Materials | Discovered new exit (range 4) 1000 | -9/Materials | Identified exit to Materials 1001 | -9/Materials | Entered another Materials area 1001 | -8/Materials | Evolved 2 slots: Weapon x2 1048 | -8/Materials | Discovered new exit (range 16) 1076 | -8/Materials | Core integrity fell below 50% 1112 | -8/Materials | Identified exit to Storage 1112 | -8/Materials | Entered Storage 1131 | -8/Storage | Lost 8 parts (2p2n1u3w) 1179 | -8/Storage | Core integrity fell below 20% 1208 | -8/Storage | Destroyed by G-47 Trooper with Particle Gun Last Messages --------------- S-10 Pest destroyed. W-25 Informer sends out distress signal. Slammed into K-01 Serf. K-01 Serf collects debris. Acquired Imp. Hover Unit. K-01 Serf collects debris. Acquired Ion Engine. K-01 Serf collects debris. Acquired Shield Generator. K-01 Serf collects debris. R-06 Scavenger collects Flight Unit. K-01 Serf collects debris. ALERT: Hostiles spotted, dispatching reinforcements to Terminal S011. K-01 Serf collects debris. Connecting with Door Terminal... Shield Generator destroyed. Critical hit (Burn: +26). Connecting with Door Terminal... Imp. Hover Unit destroyed. Ion Engine destroyed. Map ----- +----------------------------------------------------+ | | | | | ?????????????????????????????????? | | ?????????????????????????????????? | | ?????????????????????????????????? | | ?????????????????????????????????? | | ?????????????????????????????????? | | ?????????????????????????????????? | | ?????????????????????????????????? | | ?????????????????????????????????? | | ?????????????????????????????????? | | ????????????????????????#######??# | | ????????????????????????# ??# | | ?????????????????????#### ""?# | | ??????????????????????""" """# | | ??????????????????????"R """# | | ????????""""???????????"" # | | ???????## #????????????# """# | | ???????#T #????????????# """# | | ????????# ############## """# | | ????????# # ## # | | ??????### s/ ######+#### | | ??????" # s# ##### | | ??????" /s # / | | ??????" # # ! ##### | | ??????#T#@ # !#???# ### | | ??????### Y# #???# #?? | | ????????# #############???# #?? | | ????????#gg#???????????????# #?? | | ???????? ???????????????# #?? | | ???????? ???????????????# #?? | | ???????? T +??????????????# #?? | | ???????? #??????????????# #?? | | ????????#####??????????????# #?? | | ???????????????????????????+ #?? | | ???????????????????????????# +?? | | ???????????????????????????# #?? | | ???????????????????????????# #?? | | ???????????????????????????# ??? | | ???????????????????????????# ??? | | ???????????????????????????? ??? | | ?????????????????????????????????? | | ?????????????????????????????????? | | ?????????????????????????????????? | | ?????????????????????????????????? | | ?????????????????????????????????? | | ?????????????????????????????????? | | ?????????????????????????????????? | | ?????????????????????????????????? | | ?????????????????????????????????? | +----------------------------------------------------+ Best States ------------- Heat Dissipation 31 Energy Generation 19 Energy Capacity 430 Matter Stores 300 Matter Capacity 300 Sight Range 16 Robot Scan Range 14 Terrain Scan Density 10 Armor Coverage 600 Evasion (%) 62 Item Schematics ----------------- Med. Laser | -9/Materials | Scanalyzed Robot Schematics ------------------ None Fabricated ------------ Nothing Alien Tech Used ----------------- None Achievements -------------- None Challenges ------------ None Game ------ Seed LegSubdwellerChronowheel Manual? 0 Play Time 00:20:46 Cumulative 17.1 hours Start 2024.04.09 @ 10:30:27 End 2024.04.11 @ 08:47:56 Sessions 3 Manual Loads 0 Difficulty Rogue Special Mode None Game No. 23 Rogue 21 Adventurer 2 Explorer 0 Win Type - Total 0 Types 0/0/0/0/0/0/0/0/0 Lore% 20 Gallery% 24 Achievement% 21 Wizard Run 0 Options --------- Layout 0 ASCII 0 Keyboard 0 Movement Mouse Keybinds 0 Fullscreen 2 Font 18/Smallcaps Map View 38x25 Zoom Use 97% Tactical HUD 0 Map Filters NONE Filters NONE Steam 1 RUN: d8e82540-abb0-47ec-8dbb-6a74b6c7edaa